 Dungeon Crawl Stone Soup version 0.32-a0-656-g3542139ebd (webtiles) character file.

Game seed: 9236354510737934021

8 javelincjr the Ruffian (level 2, 0/23 HPs)
             Began as a Minotaur Shapeshifter on Mar 8, 2024.
             Slain by a hobgoblin (2 damage)
             ... on level 1 of the Dungeon.
             The game lasted 00:01:18 (216 turns).

javelincjr the Ruffian (Minotaur Shapeshifter)       Turns: 216, Time: 00:01:19

Health: 0/23       AC:  2    Str: 18    XL:     2   Next: 0%
Magic:  1/1        EV:  2    Int:  7    God:
Gold:   29         SH:  0    Dex:  9    Spells: 1/1 levels left

rFire   . .          .
                       - Unarmed
rCold   . . .        (no shield)
rNeg    . . .        a - +0 animal skin
rPois   .            (helmet currently unavailable)
rElec   .            (cloak currently unavailable)
rCorr   .            (gloves currently unavailable)
SInv    .            (boots currently unavailable)
Will    .....        (no amulet)
Stlth   +            (no ring)
HPRegen 0.23/turn    (no ring)
MPRegen 0.07/turn

%: no passive effects
@: beast-form, constricted
A: beast (slay +1), horns 2, retaliatory headbutt
a: Begin Untransformation


You were on level 1 of the Dungeon.
You were a hulking beast.
You visited 1 branch of the dungeon, and saw 1 of its levels.

You collected 29 gold pieces.

Inventory:

Armour
 a - a +0 animal skin (worn)
Jewellery
 e - a ring of resist corrosion
Talismans
 c - a beast talisman (active)
 d - a flux talisman
Scrolls
 f - a scroll of poison {unknown}
Potions
 b - a potion of lignification


   Skills:
 + Level 1.5 Fighting
 + Level 2.3 Dodging
 + Level 3.4 Unarmed Combat
 * Level 2.6 Shapeshifting


You had one spell level left.
You didn't know any spells.
Your spell library was empty.

Dungeon Overview and Level Annotations

Branches:
Dungeon (1/15)

Altars:


Innate Abilities, Weirdness & Mutations

You are a hulking beast.
Your limbs bulge with bestial killing power. (Slay +1)
You have a pair of horns on your head.
You reflexively headbutt those who attack you in melee.


Message History

You have reached level 2!
HP restored.
You now have 21 gold pieces (gained 9).
f - a scroll labelled PUSMUP OL KUNT
Found a plate armour.
You now have 29 gold pieces (gained 8).
A ball python comes into view.
A ball python is nearby!
The ball python hisses angrily.
You hear a shout!
A hobgoblin comes into view.
The ball python barely misses you. The ball python grabs you.
The ball python constricts you.
You completely miss the ball python.
The ball python bites you but does no damage.
The ball python constricts you.
You barely miss the ball python. Your headbutt misses the ball python.
The ball python bites you. The ball python constricts you.
You barely miss the ball python. Your headbutt misses the ball python.
The ball python bites you but does no damage.
The ball python constricts you. The ball python bites you.
The ball python constricts you.
You closely miss the ball python. Your headbutt misses the ball python.
The hobgoblin hits you. The ball python bites you.
The ball python constricts you.
You closely miss the ball python. The hobgoblin hits you.
The ball python bites you. The ball python constricts you.
You are too injured to fight recklessly!
You are too injured to fight recklessly!
You are too injured to fight recklessly!
You hit the ball python but do no damage.
The hobgoblin hits you.
* * * LOW HITPOINT WARNING * * *
The ball python bites you.
* * * LOW HITPOINT WARNING * * *
The ball python constricts you.
* * * LOW HITPOINT WARNING * * *
The ball python's grasp on you weakens, but your attempt to escape fails.
The ball python bites you but does no damage.
The ball python constricts you. The hobgoblin hits you.
You die...

..... ##### #.#
...... #.... ..#
#.....##.... ### #.#
#......>.... ... #.#
#.....
#$##.#########
#.####
#............# #.# #
##...........# #.# #
#..Sh........# #.# #
#..g.##.###### #.# #
#......##.########.#
#
#.##...##..........#
# #
#...##.########## #
######## ### ###
##.## ##.#
##...###...
#....'.'.<.


You could see a hobgoblin and a ball python.

Vanquished Creatures
  A ball python (D:1)
  A giant cockroach (D:1)
  3 jackals (D:1)
  2 kobolds (D:1)
7 creatures vanquished.

Notes
Turn   | Place    | Note
-------+----------+-------------------------------------------
     0 | D:1      | javelincjr the Minotaur Shapeshifter began the quest for
                  | the Orb.
     0 | D:1      | Reached XP level 1. HP: 16/16 MP: 0/0
    79 | D:1      | Reached XP level 2. HP: 22/23 MP: 1/1
   216 | D:1      | Slain by a hobgoblin

Illustrated notes

Levels and vault maps discovered:
D:1:      dpeg_arrival_rhombi, layout_basic

Action                     || total
---------------------------++-------
  Melee: Unarmed           ||    13
         Headbutt          ||     2
 Armour: Animal skin       ||    24
  Dodge: Dodged            ||    11

Table legend: (Time is in decaauts)
 A = Elapsed time spent in this place.
 B = Non-inter-level travel time spent in this place.
 C = Inter-level travel time spent in this place.
 D = Time resting spent in this place.
 E = Time spent auto-exploring this place.
 F = Levels seen in this place.
 G = Mean time per level.
                   A        B        C        D        E       F      G
               +--------+--------+--------+--------+--------+-----+--------+
         Total |    215 |    215 |      0 |      0 |    180 |   1 |  215.0 |
       Dungeon |    215 |    215 |      0 |      0 |    180 |   1 |  215.0 |
               +--------+--------+--------+--------+--------+-----+--------+

Top non-repeatable levels by time:
     D:1: 215 daAuts
